 Dungeon Crawl Stone Soup version 0.22-a0-571-g4a923d4 (webtiles) character file.

249630 Amnesiac the Unseen (level 18, -4/96 HPs)
             Began as a Spriggan Fighter on July 1, 2018.
             Was a Believer of Uskayaw.
             Engulfed by a cloud of flame (19 damage)
             ... on level 4 of the Shoals.
             The game lasted 02:15:51 (38640 turns).

Amnesiac the Unseen (Spriggan Fighter)             Turns: 38640, Time: 02:15:51

Health: -4/96      AC: 21    Str: 18    XL:     18   Next: 88%
Magic:  33/33      EV: 30    Int:  8    God:    Uskayaw [**....]
Gold:   2917       SH:  8    Dex: 17    Spells: 17/37 levels left

rFire    x . .     SeeInvis +   a - +8 short sword of Nahi {speed, rPois rC+}
rCold    + + +     Gourm    .   c - +0 buckler
rNeg     . . .     Faith    .   C - +0 ice dragon scales
rPois    +         Spirit   .   z - +2 hat
rElec    .         Reflect  .   P - scarf {repulsion}
rCorr    .         Harm     .   (gloves unavailable)
MR       +++..                  (boots unavailable)
Stlth    +++++.....             q - amulet of regeneration
HPRegen  0.66/turn              k - +3 ring of protection
MPRegen  0.23/turn              L - +3 ring of evasion

@: very slightly contaminated, invisible, repel missiles, very quick
A: very small, unfitting armour, icy blue scales 1, see invisible, dopey 1,
herbivore, speed 3, screaming 1, slow metabolism 2
}: 2/15 runes: barnacled, gossamer
a: Stomp, Line Pass, Renounce Religion


You were on level 4 of the Shoals.
You worshipped Uskayaw.
Uskayaw was aware of your devotion.
You were not hungry.

You visited 6 branches of the dungeon, and saw 32 of its levels.
You also visited: Bailey and Ice Cave.

You collected 4462 gold pieces.
You spent 1545 gold pieces at shops.

Inventory:

Hand Weapons
 a - the +8 short sword of Nahi (weapon) {speed, rPois rC+}
   (You found it on level 3 of the Spider Nest)

   Attacks with this weapon are significantly faster.
   It protects you from cold.
   It protects you from poison.
Missiles
 y - 47 tomahawks of returning (quivered)
 E - 2 throwing nets
Armour
 c - a +0 buckler (worn)
 z - a +2 hat (worn)
 A - +0 steam dragon scales
 B - a +0 cloak
 C - +0 ice dragon scales (worn)
 P - a scarf of repulsion (worn)
Jewellery
 k - a +3 ring of protection (left hand)
 q - an amulet of regeneration (around neck)
 L - a +3 ring of evasion (right hand)
 S - an uncursed ring of fire
 T - an uncursed ring of flight
Wands
 b - a wand of digging (7)
 r - a wand of polymorph (50)
Scrolls
 g - 6 scrolls of enchant armour {!r}
 h - 8 scrolls of teleportation {!r}
 i - 9 scrolls of immolation {!r}
 j - 23 scrolls of identify {!r}
 l - a scroll of fog {!r}
 m - 3 scrolls of silence {!r}
 o - 13 scrolls of remove curse {!r}
 p - 8 scrolls of amnesia {!r}
 s - 3 scrolls of blinking {!r}
 t - 8 scrolls of magic mapping {!r}
 u - 6 scrolls of fear {!r}
 v - 6 scrolls of summoning {!r}
 D - 6 scrolls of enchant weapon {!r}
 K - 2 scrolls of vulnerability {!r}
Potions
 e - 8 potions of flight {!q}
 n - 11 potions of curing {!q}
 w - a potion of might {!q}
 x - 4 potions of magic {!q}
 F - 2 potions of haste {!q}
 G - 3 potions of brilliance {!q}
 H - 4 potions of mutation {!q}
 M - a potion of invisibility {!q}
 N - 2 potions of lignification {!q}
 O - 2 potions of cancellation {!q}
 R - 3 potions of ambrosia {!q}
 V - 3 potions of agility {!q}
Miscellaneous
 d - a lightning rod (4/4)
 I - a lamp of fire (inert)
 J - a phial of floods
 Q - a box of beasts
 U - a sack of spiders
 X - a phantom mirror
Comestibles
 f - 42 rations


   Skills:
 + Level 11.0 Fighting
 - Level 14.0 Short Blades
 * Level 13.5 Armour
 + Level 16.6 Dodging
 + Level 17.5 Stealth
 - Level 7.2 Shields
 - Level 10.0 Spellcasting
 - Level 10.0 Translocations
 - Level 4.0 Transmutations
 - Level 4.0 Earth Magic
 - Level 11.0 Invocations
 - Level 11.0 Evocations


You had 17 spell levels left.
You knew the following spells:

 Your Spells              Type           Power        Failure   Level  Hunger
a - Summon Small Mammal   Summ           #...         41%         1    None
b - Passwall              Tmut/Erth      ##......     13%         2    #......
c - Dazzling Spray        Conj/Hex       #.....       78%         3    ###....
d - Summon Butterflies    Summ           #.......     41%         1    None
e - Mephitic Cloud        Conj/Pois/Air  #.......     78%         3    ###....
f - Passage of Golubria   Tloc           N/A          7%          4    ####...
s - Conjure Flame         Conj/Fire      #.......     78%         3    ###....
v - Blink                 Tloc           N/A          1%          2    #......
z - Confusing Touch       Hex            #.....       41%         1    None

Your spell library contained the following spells:

 Spells                   Type           Power        Failure   Level  Hunger
 Cause Fear               Hex            #.........   99%         4    ####...
 Magic Dart               Conj           #...         41%         1    None
 Fireball                 Conj/Fire      #.........   100%        5    ######.
 Apportation              Tloc           ###...       1%          1    None
 Bolt of Fire             Conj/Fire      #.........   100%        6    #######
 Slow                     Hex            #.......     54%         2    #......
 Invisibility             Hex            #.......     100%        6    #######
 Throw Flame              Conj/Fire      #.....       54%         2    #......
 Freezing Cloud           Conj/Ice/Air   #.........   100%        6    #######
 Ring of Flames           Chrm/Fire      #.........   100%        7    #######
 Iskenderun's Mystic Bla  Conj           #.......     99%         4    ####...
 Animate Skeleton         Necr           N/A          41%         1    None
 Sticky Flame             Conj/Fire      #.......     99%         4    ####...
 Summon Ice Beast         Ice/Summ       #.......     99%         4    ####...
 Call Imp                 Summ           #.......     54%         2    #......
 Swiftness                Chrm/Air       #.......     54%         2    #......
 Statue Form              Tmut/Erth      ##.......    100%        6    #######
 Dragon Form              Tmut           ##........   100%        7    #######
 Flame Tongue             Conj/Fire      #....        41%         1    None
 Ignite Poison            Fire/Tmut/Pois #.......     58%         3    ###....
 Call Canine Familiar     Summ           #.......     78%         3    ###....
 Corona                   Hex            #......      41%         1    None
 Lee's Rapid Deconstruct  Erth           ##........   93%         5    ######.
 Portal Projectile        Hex/Tloc       ##....       17%         3    ###....
 Leda's Liquefaction      Hex/Erth       #.........   88%         4    ####...
 Summon Hydra             Summ           #.........   100%        7    #######
 Darkness                 Hex            #.........   100%        6    #######
 Inner Flame              Hex/Fire       #.......     78%         3    ###....
 Fulminant Prism          Conj/Hex       #.........   99%         4    ####...
 Force Lance              Conj/Tloc      ##......     50%         4    ####...
 Searing Ray              Conj           #.....       54%         2    #......
 Summon Mana Viper        Hex/Summ       #.......     100%        5    ######.
 Hydra Form               Tmut           ##........   100%        6    #######
 Irradiate                Conj/Tmut      #.........   99%         5    ######.
 Poisonous Vapours        Pois/Air       #.....       54%         2    #......
 Ignition                 Fire           #.........   100%        8    #######


Dungeon Overview and Level Annotations

Branches:
Dungeon (15/15)            Temple (0/1) D:7            Lair (6/6) D:9
 Shoals (4/4) Lair:3       Spider (4/4) Lair:2        Slime (0/5) Lair:5
    Orc (2/2) D:12            Elf (1/3) Orc:2        Vaults (0/5) D:14
 Depths (0/5) D:15

Altars:
Makhleb
Nemelex Xobeh
Uskayaw
Xom
Beogh

Shops:
D:12 (   D:13 (   Orc:2 %[:(   Shoals:1 [   Shoals:3 =

Portals:
Hell: Lair:6

Annotations:
D:10 1 runed door
Shoals:4 1 runed door, DEFE's ghost, adept DECj


Innate Abilities, Weirdness & Mutations

You are very small and have problems with some larger weapons.
You are too small for most types of armour.
You have supernaturally acute eyesight. (SInv)
You are a herbivore.
You cover ground extremely quickly.
You need to consume almost no food.
You are partially covered in icy blue scales. (AC +2)
You are dopey. (Int -2)
You occasionally shout uncontrollably at your foes.


Message History

You barely miss the merfolk impaler.
The merfolk impaler is lightly wounded.
You puncture the merfolk impaler!
The merfolk impaler is moderately wounded.
The merfolk impaler completely misses you.
You hit the merfolk impaler but do no damage.
The merfolk impaler is moderately wounded.
The merfolk impaler completely misses you.
You closely miss the merfolk impaler.
The merfolk impaler is moderately wounded.
You hit the merfolk impaler but do no damage.
The merfolk impaler is moderately wounded.
The merfolk impaler completely misses you.
You impale the merfolk impaler!!
The merfolk impaler is heavily wounded.
You can now pass through a line of other dancers.
You hit the merfolk impaler.
The merfolk impaler is heavily wounded.
The merfolk impaler completely misses you.
You hit the merfolk impaler but do no damage.
The merfolk impaler is heavily wounded.
You hit the merfolk impaler.
The merfolk impaler is heavily wounded.
You block the merfolk impaler's attack.
You completely miss the merfolk impaler.
The merfolk impaler is heavily wounded.
The merfolk impaler completely misses you.
You miss the merfolk impaler.
The merfolk impaler is heavily wounded.
You block the merfolk impaler's attack.
You hit the merfolk impaler.
The merfolk impaler is heavily wounded.
The merfolk impaler hits you from afar with a demon trident of freezing!
* * * LOW HITPOINT WARNING * * *
You closely miss the merfolk impaler.
The merfolk impaler is heavily wounded.
The merfolk impaler hits you with a demon trident of freezing!!
* * * LOW HITPOINT WARNING * * *
The merfolk impaler freezes you.
* * * LOW HITPOINT WARNING * * *
You puncture the merfolk impaler!
The merfolk impaler is severely wounded.
Evoke which item? (* to show all) (? for menu, Esc to quit)
Okay, then.
Okay, then.
Really quaff
M - 2 potions of invisibility {!q}?
You fade into invisibility!
The merfolk impaler completely misses you. x2
The merfolk impaler barely misses you.
You are very lightly contaminated with residual magic.
Evoke which item? (* to show all) (? for menu, Esc to quit)
Aim the lamp in which direction?
Press: ? - help, Dir - move target cursor, f - merfolk impaler
Aim: a merfolk impaler, wielding a demon trident of freezing and wearing a robe (severely wounded)
The flames dance!
The trail of fire hits the merfolk impaler.
The merfolk impaler is severely wounded.
The trail of fire hits the merfolk impaler.
The merfolk impaler is moderately wounded.
The trail of fire misses the merfolk impaler.
The trail of fire hits the merfolk impaler.
The merfolk impaler is almost dead.
The trail of fire misses you.
You are engulfed in blazing flames.
You die...

)PP..P..≈(≈≈(≈≈
≈.P.......≈≈#
PPP........#######
≈≈≈(..(..###..##.## ≈≈≈≈
≈≈≈.......#...≈...# ≈≈≈≈
≈≈≈≈..(..##..#.#.≈# .≈≈≈≈
≈≈≈≈.m...≈#(≈...≈≈# .≈≈≈≈
###≈...mC###.#.#..# .≈≈≈≈≈
#≈≈≈≈≈m≈#...≈.@§##≈≈≈≈≈≈
##≈≈≈≈≈≈##.###?m#≈≈≈≈≈≈≈ ≈
##≈≈≈≈≈≈#######m≈≈≈≈≈≈≈ #
#≈≈≈≈≈≈#≈#≈##≈≈§≈≈≈≈≈≈ ≈
#≈≈≈≈≈≈≈≈≈†C≈≈≈≈≈≈≈≈≈≈≈
##≈≈≈≈≈≈≈≈≈≈≈≈≈≈≈≈≈≈≈≈≈
#≈≈≈≈≈≈≈≈≈≈≈≈≈≈≈≈≈≈≈≈≈≈
##≈≈≈≈≈≈≈≈≈(≈≈≈≈≈≈≈≈≈≈≈
###≈≈≈≈≈≈≈≈≈≈≈≈(.≈≈≈≈≈≈≈≈≈


You could see 2 merfolk impalers.

Vanquished Creatures
  Arachne (Spider:3)
  Rupert (Orc:2)
  Polyphemus (Shoals:2)
  Frances (Elf:1)
  Kirke (Spider:1)
  Ilsuiw (Shoals:4)
  6 ghost moths
  Louise (Shoals:1)
  A frost giant (D:15)
  An orc warlord (Orc:1)
  5 emperor scorpions
  A deep elf elementalist (Elf:1)
  The ghost of magipi the Basher, a journeyman GnBe of Trog (Lair:6)
  4 entropy weavers
  A stone giant (D:12)
  Nessos (Orc:2)
  A dire elephant (Lair:6)
  A spark wasp (Spider:4)
  2 ettins
  7 merfolk javelineers
  11 merfolk impalers
  2 yaktaur captains (D:10)
  An ice dragon (Spider:1)
  7 hydras
  8 vault guards (D:14)
  The ghost of Abmis123 the Martial Artist, a journeyman MfTm of Dithmenos (D:9)
  2 catoblepae
  4 merfolk avatars
  An alligator snapping turtle (Shoals:4)
  8 merfolk aquamancers
  2 satyrs
  A death knight (D:15)
  6 centaur warriors
  4 two-headed ogres
  7 death yaks
  A tengu warrior (D:13)
  An orc high priest (Orc:1)
  Nergalle (D:12)
  2 deep elf knights (Elf:1)
  A sun demon (Lair:6)
  6 skeletal warriors
  10 sea snakes
  A deep elf archer (Elf:1)
  3 wizards
  Pikel (D:8)
  9 orc knights
  A necromancer (D:10)
  8 harpies
  17 ugly things
  10 fauns
  20 orb spiders
  An orc sorcerer (Orc:1)
  7 deep elf magi
  22 wolf spiders
  8 manticores
  3 moths of wrath
  9 cyclopes
  A water nymph (shapeshifter) (D:12)
  2 ice statues (IceCv)
  6 water nymphs
  5 elephants (Lair:6)
  10 merfolk sirens
  A smoke demon (Lair:6)
  5 centaur skeletons
  2 torpor snails (Spider:2)
  2 black mambas
  2 gargoyles
  3 orange demons (Lair:6)
  A rime drake (Lair:6)
  An efreet (D:15)
  A yaktaur (shapeshifter) (D:15)
  A freezing wraith (D:15)
  5 demonic crawlers
  6 spiny frogs
  3 anaconda simulacra (IceCv)
  A yaktaur (D:15)
  16 ice devils
  7 komodo dragons
  6 trolls
  3 meliai (D:12)
  2 polar bears
  34 jumping spiders
  A queen bee (D:12)
  12 tyrant leeches (Spider:2)
  10 wind drakes
  A harpy zombie (D:15)
  25 merfolk
  18 blink frogs
  12 hornets
  10 slime creatures
  10 dream sheep
  A hippogriff (shapeshifter) (D:13)
  7 snapping turtles
  15 hippogriffs
  25 tarantellas
  3 shadows
  2 centaur simulacra
  32 yaks
  83 redbacks
  3 wyverns
  A basilisk (Lair:2)
  24 water elementals
  2 vampires
  A fire elemental (Elf:1)
  A dire elephant simulacrum (IceCv)
  A wraith (D:15)
  2 hogs (Spider:1)
  A human (Spider:1)
  2 steam dragons
  4 vampire mosquitoes (D:15)
  A hungry ghost (D:13)
  6 wargs
  2 iron troll simulacra (IceCv)
  5 swamp worms (Spider:2)
  2 soldier ants
  An acid dragon (D:15)
  7 water moccasins
  3 hydra simulacra (IceCv)
  11 porcupines
  4 hell hounds (Lair:6)
  A black bear (shapeshifter) (D:13)
  59 orc warriors
  2 ice beasts
  A hornet zombie (D:15)
  7 ogres
  5 black bears
  2 phantoms
  3 sky beasts
  A necrophage (D:10)
  7 wolves
  An ettin simulacrum (IceCv)
  A tengu (shapeshifter) (Elf:1)
  26 centaurs
  15 crocodiles
  A gnoll sergeant (D:12)
  19 bullfrogs
  An earth elemental (Elf:1)
  2 wyvern zombies
  A wyvern skeleton (D:14)
  4 scorpions
  45 killer bees
  3 wights (D:8)
  5 electric eels
  3 howler monkeys
  5 crimson imps
  3 centaur zombies
  13 hounds
  9 jellies
  2 quasits
  27 orc priests
  A gnoll shaman (D:10)
  28 orc wizards
  3 bullfrog skeletons
  7 iguanas
  9 worker ants
  A hound zombie (D:5)
  2 hound skeletons
  15 gnolls
  11 adders
  3 shadow imps
  10 oozes
  An adder skeleton (D:6)
  An adder zombie (D:8)
  3 worms
  4 leopard geckos
  118 orcs
  13 bats
  5 giant cockroaches
  11 goblins
  7 hobgoblins
  12 jackals
  4 quokkas
  7 frilled lizards
  13 kobolds
  A leopard gecko skeleton (D:4)
  A quokka skeleton (D:6)
  4 rats
  A plant (Shoals:3)
1293 creatures vanquished.

Vanquished Creatures (collateral kills)
  Asterion (Spider:1)
  2 blizzard demons (IceCv)
  A deep elf knight (Elf:1)
  An orc sorcerer (Orc:2)
  4 wolf spiders (Spider:1)
  An orc knight (Orc:2)
  An ice statue (IceCv)
  A jumping spider (Spider:1)
  A vampire (D:10)
  A black bear (D:9)
  A crocodile (D:9)
  A bullfrog (D:9)
  A jelly (D:9)
  2 orc priests (D:9)
  2 orc wizards (D:9)
  3 orcs
  A hobgoblin (Bailey)
  5 kobolds (Bailey)
30 creatures vanquished.

Vanquished Creatures (others)
  A centaur warrior (D:15)
  2 hornets
  An orb spider (Spider:4)
  A jumping spider (Spider:2)
  A redback (Spider:1)
  2 tarantellas (Spider:1)
  A harpy simulacrum (D:10)
  An orc warrior (Bailey)
  A slave (D:8)
  A killer bee (D:8)
  An orc priest (D:7)
  A hobgoblin (Bailey)
  3 fungi
  17 plants
34 creatures vanquished.

Grand Total: 1357 creatures vanquished

Notes
Turn   | Place    | Note
-------+----------+-------------------------------------------
     0 | D:1      | Amnesiac the Spriggan Fighter began the quest for the Orb.
     0 | D:1      | Reached XP level 1. HP: 11/11 MP: 2/2
    48 | D:1      | Reached skill level 1 in Stealth
    57 | D:1      | Reached skill level 2 in Stealth
   100 | D:1      | Reached XP level 2. HP: 2/16 MP: 3/3
   515 | D:4      | Noticed a phantom
   570 | D:4      | Noticed an ogre
   608 | D:3      | Reached skill level 3 in Stealth
   818 | D:4      | Found a sparkling altar of Nemelex Xobeh.
   836 | D:4      | Reached XP level 3. HP: 19/19 MP: 4/4
   904 | D:4      | Reached skill level 4 in Stealth
   904 | D:4      | Reached XP level 4. HP: 23/23 MP: 5/5
  1007 | D:5      | Entered Level 5 of the Dungeon
  1009 | D:5      | Noticed an ogre
  1194 | D:5      | Noticed a centaur
  1206 | D:5      | Killed a centaur
  1206 | D:5      | Reached XP level 5. HP: 15/27 MP: 6/6
  1431 | D:5      | Noticed a centaur
  1619 | D:5      | Reached skill level 5 in Dodging
  1652 | D:5      | Reached skill level 5 in Short Blades
  1652 | D:5      | Reached skill level 5 in Stealth
  1756 | D:5      | Reached XP level 6. HP: 28/32 MP: 7/7
  1945 | D:6      | Noticed an ice beast
  2246 | D:6      | Reached skill level 6 in Stealth
  2495 | D:5      | Found a hide-covered altar of Uskayaw.
  2505 | D:5      | Became a worshipper of Uskayaw the Reveler
  2540 | D:5      | Reached * piety under Uskayaw
  2671 | D:4      | Reached XP level 7. HP: 6/35 MP: 8/8
  2671 | D:4      | Reached ** piety under Uskayaw
  3037 | D:4      | Reached *** piety under Uskayaw
  4563 | D:3      | Reached skill level 7 in Stealth
  4749 | D:4      | Reached **** piety under Uskayaw
  4886 | D:3      | Reached XP level 8. HP: 17/39 MP: 9/9
  5546 | D:5      | Reached skill level 8 in Stealth
  5614 | D:5      | Found the +5 scythe "Finisher" {speed, Str+3}
  5929 | D:6      | Reached skill level 1 in Invocations
  6541 | D:7      | Reached XP level 9. HP: 39/43 MP: 11/11
  6586 | D:7      | Reached skill level 9 in Stealth
  6773 | D:7      | Learned a level 1 spell: Confusing Touch
  6776 | D:7      | Learned a level 2 spell: Blink
  6780 | D:7      | Learned a level 3 spell: Mephitic Cloud
  6940 | D:7      | You fall through a shaft for 2 floors!
  7180 | D:9      | Found a staircase to the Lair.
  7228 | D:9      | Reached skill level 10 in Short Blades
  7228 | D:9      | Reached skill level 10 in Stealth
  7230 | D:9      | Reached skill level 10 in Dodging
  7241 | D:9      | Reached ***** piety under Uskayaw
  7379 | D:9      | Reached XP level 10. HP: 17/47 MP: 8/13
  7401 | D:9      | Found a flagged portal.
  7445 | Bailey   | Entered a bailey
  8282 | D:8      | Reached ****** piety under Uskayaw
  8359 | D:8      | Noticed a two-headed ogre
  8399 | D:8      | Killed a two-headed ogre
  8399 | D:8      | Reached skill level 11 in Stealth
  8437 | D:8      | Noticed Pikel
  8615 | D:8      | Reached skill level 5 in Invocations
  8777 | D:7      | Found a staircase to the Ecumenical Temple.
  9042 | D:8      | Killed Pikel
  9042 | D:8      | Reached XP level 11. HP: 38/51 MP: 14/16
  9848 | D:10     | Entered Level 10 of the Dungeon
  9856 | D:10     | Noticed a two-headed ogre
  9891 | D:10     | Killed a two-headed ogre
  9891 | D:10     | Reached skill level 5 in Shields
 10142 | D:10     | Found a runed door.
 10147 | D:10     | Found a runed door.
 10147 | D:10     | Noticed a yaktaur captain
 10147 | D:10     | Noticed a yaktaur captain
 10149 | D:10     | Noticed a lich
 10169 | D:10     | Noticed Abmis123's ghost (journeyman MfTm)
 10171 | D:10     | Noticed a necromancer
 10196 | D:10     | Learned a level 3 spell: Conjure Flame
 10212 | D:10     | Learned a level 1 spell: Summon Small Mammal
 10439 | D:10     | Reached skill level 12 in Stealth
 10521 | D:10     | Noticed a skeletal warrior
 10521 | D:10     | Noticed a skeletal warrior
 10779 | D:10     | Found a roughly hewn altar of Beogh.
 11026 | D:11     | Noticed a brown ugly thing
 11035 | D:11     | Killed a brown ugly thing
 11271 | D:11     | Got a smoking spear
 11391 | D:11     | Noticed a wizard
 11397 | D:11     | Killed a wizard
 11740 | D:11     | Noticed a two-headed ogre
 11747 | D:11     | Killed a two-headed ogre
 12550 | D:12     | Found Unnol's Weapon Shoppe.
 12551 | D:12     | Reached skill level 13 in Stealth
 12552 | D:12     | Reached XP level 12. HP: 56/56 MP: 18/18
 12569 | D:12     | Noticed a two-headed ogre
 12572 | D:12     | Killed a two-headed ogre
 12780 | D:12     | Noticed an ettin
 12839 | D:12     | Killed an ettin
 13232 | D:12     | Found a staircase to the Orcish Mines.
 13297 | D:12     | Reached skill level 14 in Stealth
 13308 | D:12     | Noticed Nergalle
 13328 | D:12     | Killed Nergalle
 13384 | D:12     | Noticed a stone giant
 13502 | D:10     | Killed a yaktaur captain
 13620 | D:9      | Killed Abmis123's ghost
 13783 | D:10     | Gained mutation: You are dopey. (Int -2) [potion of mutation]
 13783 | D:10     | Gained mutation: You occasionally shout uncontrollably at your foes. [potion of mutation]
 13783 | D:10     | Gained mutation: You are partially covered in icy blue scales. (AC +2) [potion of mutation]
 14630 | D:13     | Noticed a centaur warrior
 14638 | D:13     | Killed a centaur warrior
 14638 | D:13     | Reached XP level 13. HP: 61/61 MP: 20/20
 14717 | D:13     | Found Oquclosm's Weapon Emporium.
 14988 | D:13     | Reached skill level 5 in Fighting
 15676 | D:14     | Found a gate to the Vaults.
 15918 | D:14     | Reached skill level 1 in Spellcasting
 15918 | D:14     | Reached skill level 1 in Evocations
 16184 | D:14     | Reached skill level 5 in Evocations
 16220 | D:14     | Got a fine dagger
 16221 | D:14     | Identified the cursed +0 dagger "Seenuzoq" {venom, +Rage MR+ Int+5 Dex-3} (You found it on level 14 of the Dungeon)
 16369 | D:14     | Reached skill level 5 in Spellcasting
 16462 | D:14     | Learned a level 1 spell: Summon Butterflies
 16739 | D:15     | Entered Level 15 of the Dungeon
 16840 | D:15     | Reached XP level 14. HP: 39/73 MP: 24/24
 17841 | D:15     | Noticed a frost giant
 17947 | D:15     | Killed a frost giant
 17952 | D:15     | Learned a level 3 spell: Dazzling Spray
 18039 | D:15     | Found a staircase to the Depths.
 18486 | D:12     | Killed a stone giant
 18500 | Orc:1    | Entered Level 1 of the Orcish Mines
 18684 | Orc:1    | Noticed an orc warlord
 18692 | Orc:1    | Killed an orc warlord
 19118 | Orc:1    | Found a roughly hewn altar of Beogh.
 19439 | Orc:2    | Entered Level 2 of the Orcish Mines
 19817 | Orc:2    | Noticed Rupert
 19940 | Orc:2    | Reached skill level 10 in Invocations
 19945 | Orc:2    | Killed Rupert
 19945 | Orc:2    | Reached skill level 10 in Spellcasting
 19945 | Orc:2    | Reached skill level 10 in Evocations
 19973 | Orc:2    | Found Neemm's Antique Armour Emporium.
 19973 | Orc:2    | Found Segiet's Food Boutique.
 20023 | Orc:2    | Found a roughly hewn altar of Beogh.
 20303 | Orc:2    | Noticed Nessos
 20349 | Orc:2    | Killed Nessos
 20349 | Orc:2    | Reached XP level 15. HP: 78/78 MP: 30/30
 20405 | Orc:2    | Found a staircase to the Elven Halls.
 20809 | Orc:2    | Found Xir Uqiv's Weapon Emporium.
 20809 | Orc:2    | Found Xafuann's Book Boutique.
 20886 | Orc:1    | Found a roughly hewn altar of Beogh.
 20981 | Orc:2    | Bought a manual of Armour for 1545 gold pieces
 20996 | Elf:1    | Entered Level 1 of the Elven Halls
 21058 | Elf:1    | Learned a level 2 spell: Passwall
 21132 | Elf:1    | Noticed Frances
 21186 | Elf:1    | Killed Frances
 21366 | Elf:1    | Noticed a deep elf sorcerer
 21609 | D:10     | Got a polished war axe {drain}
 21610 | D:10     | Identified the +5 war axe "Eficvug" {drain, *Rage rC+ rN+++ Dex+2} (You took it off a skeletal warrior on level 10 of the Dungeon)
 21709 | Lair:1   | Entered Level 1 of the Lair of Beasts
 21903 | Lair:1   | Reached skill level 1 in Armour
 22050 | Lair:1   | Learned a level 4 spell: Passage of Golubria
 22099 | Lair:1   | Reached skill level 1 in Translocations
 22859 | Lair:2   | Found a hole to the Spider Nest.
 23185 | Spider:1 | Entered Level 1 of the Spider Nest
 23185 | Spider:1 | Noticed Asterion
 23189 | Spider:1 | Noticed Kirke
 23378 | Spider:1 | Found a frozen archway.
 23406 | Spider:1 | Reached skill level 5 in Armour
 23424 | IceCv    | Entered an ice cave
 23609 | IceCv    | Reached skill level 5 in Translocations
 24362 | Spider:1 | Killed Kirke
 24750 | Spider:1 | Killed Asterion
 25368 | Spider:2 | Reached XP level 16. HP: 73/84 MP: 31/31
 26721 | Spider:2 | Reached skill level 10 in Armour
 27541 | Spider:3 | Reached skill level 10 in Translocations
 28388 | Spider:3 | Reached skill level 1 in Transmutations
 28388 | Spider:3 | Reached skill level 1 in Earth Magic
 28512 | Spider:3 | Noticed Arachne
 28523 | Spider:3 | Killed Arachne
 28597 | Spider:3 | Got a steaming short sword
 29110 | Spider:4 | Entered Level 4 of the Spider Nest
 30129 | Spider:4 | Identified the +8 short sword of Nahi {speed, rPois rC+} (You found it on level 3 of the Spider Nest)
 30154 | Spider:4 | Reached XP level 17. HP: 86/87 MP: 32/32
 31155 | Spider:4 | Got a gossamer rune of Zot
 31484 | Lair:3   | Found a staircase to the Shoals.
 31869 | Lair:3   | Reached skill level 15 in Stealth
 32801 | Lair:5   | Found a staircase to the Slime Pits.
 33474 | Lair:6   | Entered Level 6 of the Lair of Beasts
 34125 | Lair:6   | Found a runed gate.
 34125 | Lair:6   | Found a runed gate.
 34125 | Lair:6   | Found a runed gate.
 34131 | Lair:6   | Noticed magipi's ghost (journeyman GnBe)
 34260 | Lair:6   | Found a burning altar of Makhleb.
 34279 | Lair:6   | Reached skill level 10 in Fighting
 34291 | Lair:6   | Reached skill level 15 in Dodging
 34316 | Lair:6   | Found a gateway to Hell.
 34528 | Lair:6   | Killed magipi's ghost
 34534 | Lair:6   | Got a slimy long sword
 34538 | Lair:6   | Identified the +6 long sword of Gaimeg {slice, Int+3} (You found it on level 6 of the Lair of Beasts)
 34632 | Shoals:1 | Entered Level 1 of the Shoals
 35149 | Shoals:1 | Noticed Louise
 35159 | Shoals:1 | Killed Louise
 35159 | Shoals:1 | Reached skill level 16 in Stealth
 35223 | Shoals:1 | Reached XP level 18. HP: 38/94 MP: 33/33
 35381 | Shoals:1 | Found Nageti's Antique Armour Shoppe.
 35745 | Shoals:2 | Noticed Polyphemus
 35776 | Shoals:2 | Killed Polyphemus
 36607 | Shoals:3 | Found a runed door.
 36861 | Shoals:3 | Found Wiguf's Jewellery Boutique.
 37207 | Shoals:3 | Reached skill level 17 in Stealth
 37587 | Shoals:4 | Entered Level 4 of the Shoals
 37587 | Shoals:4 | Noticed Ilsuiw
 37593 | Shoals:4 | Killed Ilsuiw
 38171 | Shoals:4 | Found a runed door.
 38171 | Shoals:4 | Found a shimmering altar of Xom.
 38171 | Shoals:4 | Noticed DEFE's ghost (adept DECj)
 38619 | Shoals:4 | Got a barnacled rune of Zot
 38640 | Shoals:4 | Engulfed by a cloud of flame

Vault maps used:
D:1:      minmay_arrival_glassed_features
D:3:      nrook_loot_triangle
D:4:      serial_curves, eino_curves_02, eino_curves_02,
          nemelex_xobeh_ov_fountains_minmay
D:5:      lemuel_crystal_altar, first_ration, kennysheep_generic_room_6
D:7:      minmay_temple_entry_enclosed_plants
D:8:      uniq_pikel
D:9:      due_lair_maze_entry_diamond, enter_bailey_3,
          minmay_misc_feat_nine_boxes
D:10:     muffindrake_ghost_dual_entry, special_room
D:11:     hangedman_little_slice_of_home
D:12:     regret_index_tunnel_blossom, david_orc_2, serial_shops, shop,
          uniq_nergalle
D:13:     serial_shops, shop, serial_park_tiny_pond
D:14:     erik_vaults_2, bh_chokoban
D:15:     grunt_enter_depths_snipers, minmay_misc_feat_secret_circle
Lair:1:   st_stairs_6, beast_lair_carwin_6
Lair:2:   spider_nest_entry_webs, minmay_holes, grunt_megastairs_4,
          infiniplex_staircase_pool
Lair:3:   minmay_shoals_entry_centaurs
Lair:5:   nicolae_slime_entry_slimehenge, minivault_24, serial_bayou_pond_a,
          serial_bayou_shore_b
Lair:6:   evil_forest, gammafunk_ghost_hydra_chop, lemuel_fruit_tree
Shoals:1: serial_shops, nicolae_shop_temple_entry_statues_fountains, uniq_louise
Shoals:2: uniq_polyphemus
Shoals:3: serial_shops, nicolae_shop_temple_entry_statues_fountains,
          lightli_airlock
Shoals:4: shoals_end_grunt_ice, shoals_ilsuiw_ice, ebering_ghost_xom
Spider:1: portal_ice_cave_entry_dragon, uniq_kirke, uniq_asterion
Spider:2: worms_lemuel
Spider:3: uniq_arachne
Spider:4: spider_rune_water
Orc:1:    orc_temple, basic_altar
Orc:2:    st_orc_town, lightli_orcish_oven, uniq_nessos, uniq_rupert
Elf:1:    serial_shops, shop_statue, minmay_elf_annihilation,
          lemuel_flamethrower_3, uniq_frances
Bailey:   bailey_axe_4, bailey
IceCv:    ice_cave_tombish

Skill      XL: |  1  2  3  4  5  6  7  8  9 10 11 12 13 14 15 16 17 18 |
---------------+-------------------------------------------------------+-----
Stealth        | 2 3 4 5 6 7 8 10 11 13 14 16 17 | 17.5
Short Blades   | 3 4 5 6 7 8 10 11 13 14 | 14.0
Dodging        | 5 6 7 9 10 11 12 13 15 16 | 16.6
Invocations    | 1 3 5 7 9 10 11 | 11.0
Shields        | 3 4 5 7 |  7.2
Fighting       | 3 8 9 10 11 | 11.0
Spellcasting   | 6 10 | 10.0
Evocations     | 6 10 11 | 11.0
Armour         | 8 11 12 13 | 13.5
Translocations | 7 10 | 10.0
Transmutations | 4 |  4.0
Earth Magic    | 4 |  4.0

Action                   |  1- 3 |  4- 6 |  7- 9 | 10-12 | 13-15 | 16-18 || total
-------------------------+-------+-------+-------+-------+-------+-------++-------
Melee: Rapier            |    52 |   135 |   448 |       |       |       ||   635
       Short sword       |       |       |   150 |  1191 |    97 |  2127 ||  3565
       Dagger            |       |       |       |   144 |  1951 |  1104 ||  3199
       Unarmed           |       |       |       |       |    21 |       ||    21
       Scimitar          |       |       |       |       |    14 |    39 ||    53
Throw: Stone             |       |     1 |       |       |       |       ||     1
       Tomahawk          |       |       |       |    20 |     1 |       ||    21
 Cast: Passwall          |       |       |       |       |     5 |     5 ||    10
       Confusing Touch   |       |       |       |       |     1 |       ||     1
       Summon Butterflie |       |       |       |       |     1 |       ||     1
Invok: Line Pass         |       |       |     5 |    20 |    14 |     3 ||    42
       Stomp             |       |       |     1 |       |       |       ||     1
Evoke: Wand              |       |       |    18 |    22 |    61 |    18 ||   119
       Lamp of fire      |       |       |       |     1 |     5 |     5 ||    11
       Phial of floods   |       |       |       |     1 |     3 |     3 ||     7
       Box of beasts     |       |       |       |       |     5 |       ||     5
       Lightning rod     |       |       |       |       |       |     9 ||     9
  Use: Scroll            |       |     6 |       |     2 |    24 |     8 ||    40
       Potion            |       |     3 |     1 |     7 |     6 |     7 ||    24
 Stab: Sleeping          |     5 |     4 |    39 |    37 |    31 |    23 ||   139
       Paralysed         |       |       |    11 |    57 |    90 |   173 ||   331
       Confused          |       |       |     3 |    10 |     7 |     3 ||    23
       Distracted        |       |       |     3 |     8 |     6 |     9 ||    26
       Invisible         |       |       |       |       |     4 |       ||     4
       Petrified         |       |       |       |       |       |     2 ||     2
  Eat: Ration            |       |       |     3 |     9 |    10 |    10 ||    32
Armor: Robe              |     3 |    10 |    37 |    14 |       |       ||    64
       Skin              |       |     2 |       |       |       |       ||     2
       Steam dragon scal |       |       |       |    93 |    88 |       ||   181
       Ice dragon scales |       |       |       |       |    38 |   466 ||   504
Dodge: Dodged            |    58 |    94 |   320 |   799 |   935 |  1963 ||  4169
       Deflected         |       |       |       |       |       |     5 ||     5
Block: Buckler           |    18 |    34 |   113 |   344 |   369 |   711 ||  1589
       Rpst.: Scimitar   |       |       |       |       |       |     6 ||     6

Table legend:
 A = Spawn XP
 B = Non-spawn XP
 C = Spawn XP percentage of total XP
 D = Spawn monster count
 E = Non-spawn monster count
 F = Spawn count percentage of total count
 G = Total turns spent on level
                    A         B        C        D         E        F      G
               +---------+---------+-------+---------+---------+-------+---------
         Total |       0 |  366576 |   0.0 |       0 |    1321 |   0.0 | 38640
               +---------+---------+-------+---------+---------+-------+---------
           D:1 |       0 |      53 |   0.0 |       0 |      29 |   0.0 |   703
           D:2 |       0 |      17 |   0.0 |       0 |       6 |   0.0 |   751
           D:3 |       0 |     250 |   0.0 |       0 |      42 |   0.0 |  1058
           D:4 |       0 |     545 |   0.0 |       0 |      17 |   0.0 |  1380
           D:5 |       0 |     819 |   0.0 |       0 |      17 |   0.0 |  1366
           D:6 |       0 |    1042 |   0.0 |       0 |      28 |   0.0 |  1262
           D:7 |       0 |    1014 |   0.0 |       0 |      18 |   0.0 |   641
           D:8 |       0 |    4833 |   0.0 |       0 |      44 |   0.0 |  1151
           D:9 |       0 |    3054 |   0.0 |       0 |      40 |   0.0 |   977
          D:10 |       0 |    8143 |   0.0 |       0 |      68 |   0.0 |  1824
          D:11 |       0 |    5949 |   0.0 |       0 |      47 |   0.0 |  1607
          D:12 |       0 |   13975 |   0.0 |       0 |      83 |   0.0 |  1476
          D:13 |       0 |    6212 |   0.0 |       0 |      16 |   0.0 |   940
          D:14 |       0 |   20272 |   0.0 |       0 |      37 |   0.0 |  1236
          D:15 |       0 |   18012 |   0.0 |       0 |      50 |   0.0 |  1638
        Lair:1 |       0 |    5712 |   0.0 |       0 |      22 |   0.0 |   797
        Lair:2 |       0 |    3022 |   0.0 |       0 |      13 |   0.0 |   887
        Lair:3 |       0 |    4484 |   0.0 |       0 |      21 |   0.0 |   795
        Lair:4 |       0 |    3993 |   0.0 |       0 |      20 |   0.0 |   760
        Lair:5 |       0 |    6283 |   0.0 |       0 |      26 |   0.0 |   684
        Lair:6 |       0 |   20755 |   0.0 |       0 |      49 |   0.0 |  1104
      Shoals:1 |       0 |   21572 |   0.0 |       0 |      48 |   0.0 |  1077
      Shoals:2 |       0 |   16916 |   0.0 |       0 |      23 |   0.0 |   739
      Shoals:3 |       0 |   24528 |   0.0 |       0 |      46 |   0.0 |  1139
      Shoals:4 |       0 |   29607 |   0.0 |       0 |      55 |   0.0 |  1053
      Spider:1 |       0 |   16542 |   0.0 |       0 |      37 |   0.0 |  1096
      Spider:2 |       0 |   24848 |   0.0 |       0 |      77 |   0.0 |  2214
      Spider:3 |       0 |   26456 |   0.0 |       0 |      57 |   0.0 |  1960
      Spider:4 |       0 |   35592 |   0.0 |       0 |      79 |   0.0 |  1803
         Orc:1 |       0 |    8943 |   0.0 |       0 |      51 |   0.0 |  1031
         Orc:2 |       0 |   14306 |   0.0 |       0 |      88 |   0.0 |  1597
         Elf:1 |       0 |    9382 |   0.0 |       0 |      14 |   0.0 |   373
        Bailey |       0 |     684 |   0.0 |       0 |      25 |   0.0 |   698
         IceCv |       0 |    8761 |   0.0 |       0 |      28 |   0.0 |   823
               +---------+---------+-------+---------+---------+-------+---------
